Map: 匹昂台地

Players

Rapacious

  • Race: Zerg Zerg

shengy - Winner!

  • Race: Zerg Zerg
  • League: Platinum

VOD

Have the link to the VOD?

Description

Time

  • Played on: Dec. 21, 2015, 12:13 a.m.
  • Length: 4:47
Show
View Real Time Build Order
Export as new Build Order

Rapacious Zerg 

Build Orders: Pool First 

Get SALT Encoding   

  12  0:01  Drone  
  13  0:13  Overlord  
  13  0:20  Drone  
  14  0:31  Drone  
  14  0:32  Drone  
  16  0:39  Drone  
  17  0:46  Spawning Pool  
  16  0:50  Extractor  
  15  1:14  Drone  
  15  1:16  Hatchery, Drone  
  16  1:32  Queen  
  18  1:34  Drone  
  18  1:38  Drone  
  20  1:42  Drone  
  21  1:48  Drone  
  22  1:58  Overlord  
  22  2:01  Metabolic Boost  
  21  2:17  Zergling x2  
  22  2:23  Zergling x2  
  23  2:32  Zergling x4  
  25  2:39  Zergling x2  
  25  2:43  Zergling x6  
  26  2:59  Zergling x4  
  26  3:00  Zergling x2  
  27  3:08  Zergling x4  
  29  3:14  Zergling x2  
  29  3:17  Overlord  
  29  3:19  Queen  
  32  3:29  Zergling x8  
  36  3:36  Zergling x4  
  36  3:40  Zergling x2  
  36  3:47  Zergling x2  
  35  4:01  Drone  
  35  4:02  Zergling x4  
  23  4:04  Zergling x2  
Show
View Real Time Build Order
Export as new Build Order

shengy Zerg - Winner!

Build Orders: Pool Only 

Get SALT Encoding   

  12  0:01  Drone  
  13  0:22  Spawning Pool  
  13  0:25  Drone  
  13  0:29  Extractor  
  13  0:34  Drone  
  13  0:37  Drone  
  14  0:46  Overlord  
  14  1:09  Zergling x6  
  17  1:13  Queen  
  19  1:26  Zergling x2  
  20  1:33  Metabolic Boost  
  20  1:36  Zergling x2  
  21  1:42  Overlord  
  21  1:56  Zergling x2  
  22  2:23  Zergling x6  
  22  2:24  Zergling x4  
  26  2:37  Baneling Nest  
  23  3:11  Zergling x4  
  23  3:12  Zergling x8  
  28  3:21  Baneling  
  28  3:22  Baneling x4  
  10  4:03  Zergling x12  
  15  4:17  Zergling x4  
  15  4:18  Zergling x4  
  15  4:23  Baneling  
Tags
 
Add a new tag
Caveats
  • Supply blocks, unpowered buildings, or Contaminate may cause inaccurate times.
  • Supply counts are checked every 10 seconds.